 Dungeon Crawl Stone Soup version 0.28-a0-1395-g4f6bc678fa (webtiles) character file.

Game seed: 9681972504353070625

9446 fragbeetle the Grappler (level 11, -4/109 HPs)
             Began as a Grey Draconian Transmuter on Jan 4, 2022.
             Was an Elder of Makhleb.
             Killed from afar by a gargoyle (17 damage)
             ... with a stone arrow
             ... on level 10 of the Dungeon on Jan 5, 2022.
             The game lasted 00:38:37 (11808 turns).

fragbeetle the Grappler (DrTm)                     Turns: 11808, Time: 00:38:38

Health: -4/109     AC:  8    Str: 14    XL:     11   Next: 23%
Magic:  15/18      EV: 11    Int: 16    God:    Makhleb [****..]
Gold:   628        SH:  0    Dex: 12    Spells: 6/19 levels left

rFire   x . .      SeeInvis +     - Unarmed
rCold   + + +      Faith    .   (shield currently unavailable)
rNeg    . . .      Spirit   .   (armour unavailable)
rPois   +          Reflect  .   (helmet currently unavailable)
rElec   +          Harm     .   (cloak currently unavailable)
rCorr   .          Rampage  .   (gloves currently unavailable)
Will    .....                   (boots currently unavailable)
Stlth   +.........              (no amulet)
HPRegen 0.28/turn               l - +4 ring of protection
MPRegen 0.16/turn               E - ring of Feiptel {rElec Slay+4 SInv}

@: ice-form, corroded
A: freezing attack, boosted hp, AC +12, amphibious, large, unfitting armour,
(cold-blooded)
a: End Transformation, Renounce Religion, Minor Destruction, Lesser Servant of
Makhleb, Major Destruction


You were on level 10 of the Dungeon.
You worshipped Makhleb.
Makhleb was greatly pleased with you.
You were a creature of crystalline ice.
You visited 2 branches of the dungeon, and saw 11 of its levels.
You also visited: Bailey.

You collected 682 gold pieces.
You spent 54 gold pieces at shops.

Inventory:

Hand Weapons
 K - a +4 vorpal hand axe
 Q - a +4 quarterstaff
Missiles
 j - 237 stones
 u - 20 boomerangs (quivered)
 y - 41 poisoned darts
 D - 3 throwing nets
Armour
 g - a +2 pair of gloves (melded)
 A - a +2 pair of boots of flying (melded)
 L - a +0 cloak (melded)
 O - an orb of wrath
Jewellery
 d - a ring of protection from fire
 l - a +4 ring of protection (left front paw)
 t - a +6 ring of strength
 E - the ring of Feiptel (right front paw) {rElec Slay+4 SInv}
   (You found it on level 8 of the Dungeon)

   [ring of slaying]

   Slay:      It affects your accuracy & damage with ranged weapons and melee
   (+4).
   rElec:     It insulates you from electricity.
   SInv:      It lets you see invisible.
Wands
 w - a wand of iceblast (9)
 x - a wand of polymorph (10)
 C - a wand of digging (5)
 N - a wand of paralysis (10)
Scrolls
 b - 4 scrolls of teleportation
 e - 3 scrolls of fog
 m - a scroll of immolation {unknown}
 n - a scroll of identify
 p - a scroll of holy word {unknown}
 q - 2 scrolls of amnesia {unknown}
 s - 3 scrolls of vulnerability
 v - a scroll of noise {unknown}
 H - 2 scrolls of blinking {unknown}
 J - a scroll of brand weapon {unknown}
 M - a scroll of fear {unknown}
Potions
 a - a potion of berserk rage
 c - 2 potions of mutation
 f - a potion of magic {unknown}
 h - 4 potions of lignification {unknown}
 i - 5 potions of curing
 k - 4 potions of attraction
 o - 5 potions of heal wounds
 r - a potion of flight {unknown}
 z - 2 potions of degeneration {unknown}
 B - 4 potions of brilliance {unknown}
 F - 3 potions of might {unknown}
 G - a potion of haste {unknown}
 I - a potion of experience
 P - a potion of invisibility {unknown}


   Skills:
 + Level 6.5 Fighting
 + Level 5.6 Dodging
 * Level 9.1 Unarmed Combat
 + Level 4.8 Spellcasting
 + Level 8.1 Transmutations
 * Level 6.1 Ice Magic
 - Level 5.7 Poison Magic
 + Level 3.0 Invocations


You had 6 spell levels left.
You knew the following spells:

 Your Spells              Type           Power      Damage    Failure   Level
a - Beastly Appendage     Tmut           58%        N/A       1%          1
b - Spider Form           Tmut/Pois      26%        N/A       2%          3
c - Ice Form              Ice/Tmut       26%        N/A       9%          4
d - Wereblood             Tmut           29%        N/A       1%          2
e - Ozocubu's Armour      Ice            23%        N/A       3%          3

Your spell library contained the following spells:

 Spells                   Type           Power      Damage    Failure   Level
 Hailstorm                Conj/Ice       13%        3d5       41%         4
 Passage of Golubria      Tloc           3%         N/A       83%         4
 Fireball                 Conj/Fire      1%         3d3       99%         5
 Silence                  Hex/Air        1%         N/A       99%         5
 Simulacrum               Ice/Necr       6%         N/A       100%        6
 Starburst                Conj/Fire      1%         6d3       100%        6
 Ozocubu's Refrigeration  Ice            11%        4d7       100%        7
 Ignition                 Fire           1%         3d3       100%        8
 Lehudib's Crystal Spear  Conj/Erth      1%         10d2      100%        8


Dungeon Overview and Level Annotations

Branches:
Dungeon (10/15)            Temple (1/1) D:4          Bailey (visited)
   Lair: D:8-11         Orc: D:9-12

Altars:
Ashenzari
Cheibriados
Dithmenos
Elyvilon
Fedhas
Gozag
Hepliaklqana
Kikubaaqudgha
Makhleb
Nemelex Xobeh
Okawaru
Qazlal
Ru
Sif Muna
Trog
Uskayaw
Vehumet
Wu Jian
Xom
Yredelemnul
Zin
The Shining One

Shops:
D:5 (   D:10 [

Annotations:
D:9 Erolcha


Innate Abilities, Weirdness & Mutations

You are a creature of crystalline ice.
You have a powerful freezing melee attack.
Your maximum health is increased.
Your armour is entirely melded.
You are incapable of wielding weapons or throwing items.
((Your dull iron-grey scales are very hard. (AC +12)))
You are amphibious.
You cannot fit into any form of body armour.
((You are cold-blooded and may be slowed by cold attacks.))


Message History

A yak comes into view.
The orc warrior hits you with a +0 glaive.
The acid dragon bites you but does no damage.
The acid dragon claws you.
The orc warrior hits you from afar with a +0 glaive!
Items here: $ ) ? [.
The acid dragon spits acid at you. The splash of acid hits you!
You hear a bellow! x4
The acid dragon spits acid at you. The splash of acid hits you!
You hear a bellow!
You open the door. The acid dragon spits acid at you.
The splash of acid hits you!! The acid corrodes you!
There is an open door here.
Casting: Ice Form (dangerous; 9% risk of failure)
Confirm with . or Enter, or press ? or * to list all spells.
You extend your transformation's duration.
The acid dragon spits acid at you. The splash of acid hits you!!
* * * LOW HITPOINT WARNING * * *
You hit the acid dragon but do no damage.
The acid dragon is severely wounded.
The acid dragon bites you!
* * * LOW HITPOINT WARNING * * *
The acid dragon claws you but does no damage.
You feel much better. The acid dragon bites you.
* * * LOW HITPOINT WARNING * * *
The acid dragon closely misses you.
You punch the acid dragon! You freeze the acid dragon.
You kill the acid dragon!
Makhleb accepts your kill.
You feel better.
The acid dragon scales are intact enough to wear.
The orc warrior hits you from afar with a +0 glaive!
* * * LOW HITPOINT WARNING * * *
The gargoyle hurls a stone arrow at you.
The stone arrow hits you!
You die...

.........#......#.......#
.........#......#.......#
.........#......#.......#
########.###########'####
#...........#....#......#
#...........#....#......#
#...........#....#(.....#
#...........#....#......#
#...........#.o.Y.......#
#..........o9...........#
#......######...........#
#......#................#
#................###'####
#..........Y######......#
#................#......#
#................#......#
#.........o......#......#


You could see a yak, 2 orc warriors and a gargoyle.

Vanquished Creatures
  An orc warlord (Bailey)
  Harold (D:7)
  4 two-headed ogres
  Pikel (D:7)
  Joseph (D:9)
  Sigmund (D:2)
  A vampire (D:6)
  A wyvern (D:8)
  3 vampire mosquitoes
  A steam dragon (D:7)
  An acid dragon (D:10)
  2 water moccasins
  5 orc warriors
  3 sky beasts
  A hornet zombie (D:7)
  A necrophage (D:6)
  4 ogres
  A centaur (D:9)
  2 lemures (D:7)
  A kobold brigand (D:6)
  6 bullfrogs
  3 scorpions
  A gnoll sergeant (D:9)
  A water moccasin skeleton (D:6)
  4 killer bees (D:9)
  4 wights (D:8)
  2 centaur zombies (D:8)
  2 bullfrog skeletons
  4 hounds
  4 orc priests
  A jelly (D:6)
  6 iguanas
  13 orc wizards
  A killer bee zombie (D:5)
  Robin (D:2)
  11 gnolls
  8 adders
  2 shadow imps (D:7)
  A white imp (D:8)
  A worm (D:2)
  2 dart slugs
  30 orcs
  A bat (D:3)
  4 endoplasms
  8 giant cockroaches
  22 goblins
  13 hobgoblins
  6 jackals
  3 quokkas
  3 ball pythons
  3 frilled lizards
  17 kobolds
  4 rats
228 creatures vanquished.

Notes
Turn   | Place    | Note
-------+----------+-------------------------------------------
     0 | D:1      | fragbeetle the Draconian Transmuter began the quest for the
                  | Orb.
     0 | D:1      | Reached XP level 1. HP: 16/16 MP: 3/3
     2 | D:1      | Noticed a human
     2 | D:1      | Noticed a dwarf
     4 | D:1      | Noticed a demonspawn
     4 | D:1      | Noticed a formicid
     6 | D:1      | Noticed a ghoul
     9 | D:1      | Noticed an elf
     9 | D:1      | Noticed a draconian
    11 | D:1      | Noticed a vampire
    13 | D:1      | Noticed a naga
    15 | D:1      | Noticed an octopode
    15 | D:1      | Noticed a spriggan
    17 | D:1      | Noticed a tengu
    17 | D:1      | Noticed a gargoyle
    19 | D:1      | Noticed an ogre
    19 | D:1      | Noticed a minotaur
    21 | D:1      | Noticed a demigod
    21 | D:1      | Noticed a vine stalker
    23 | D:1      | Noticed a felid
    25 | D:1      | Noticed a troll
    27 | D:1      | Noticed a merfolk
   197 | D:1      | Reached XP level 2. HP: 18/23 MP: 3/5
   519 | D:1      | Found a faded altar of an unknown god.
   608 | D:1      | Reached XP level 3. HP: 24/28 MP: 6/6
  1038 | D:2      | Noticed Sigmund
  1075 | D:2      | Noticed Robin
  1124 | D:2      | Killed Robin
  1619 | D:3      | Reached XP level 4. HP: 33/36 MP: 5/7
  1627 | D:3      | Learned a level 3 spell: Spider Form
  2804 | D:4      | Reached skill level 4 in Unarmed Combat
  2804 | D:4      | Reached XP level 5. HP: 18/41 MP: 8/8
  2980 | D:4      | Noticed an ogre
  3024 | D:4      | Reached skill level 1 in Poison Magic
  3157 | D:4      | Reached XP level 6. HP: 37/50 MP: 9/9
  3180 | D:4      | Found a staircase to the Ecumenical Temple.
  3213 | Temple   | Entered the Ecumenical Temple
  3443 | Temple   | Became a worshipper of Makhleb the Destroyer
  4077 | D:4      | Reached skill level 5 in Unarmed Combat
  4077 | D:4      | Your scales start taking on a dull iron-grey colour.
  4077 | D:4      | Reached XP level 7. HP: 57/57 MP: 7/10
  4170 | D:5      | Entered Level 5 of the Dungeon
  4242 | D:5      | Learned a level 4 spell: Ice Form
  4323 | D:5      | Found Jiteuc Notu's Weapon Shoppe.
  4896 | D:5      | Reached skill level 5 in Transmutations
  4907 | D:5      | Learned a level 2 spell: Wereblood
  4917 | D:5      | Reached skill level 1 in Ice Magic
  4925 | D:5      | Reached * piety under Makhleb
  5198 | D:6      | Reached XP level 8. HP: 63/64 MP: 7/11
  5313 | D:6      | Found a shimmering altar of Xom.
  5313 | D:6      | Found an opulent altar of Gozag.
  5313 | D:6      | Found a snail-covered altar of Cheibriados.
  5314 | D:6      | Found a hide-covered altar of Uskayaw.
  5315 | D:6      | Found a shadowy altar of Dithmenos.
  5315 | D:6      | Found a bloodstained altar of Trog.
  5350 | D:6      | Found a white marble altar of Elyvilon.
  5350 | D:6      | Found a sparkling altar of Nemelex Xobeh.
  5350 | D:6      | Found a glowing golden altar of the Shining One.
  5352 | D:6      | Found an ancient bone altar of Kikubaaqudgha.
  5352 | D:6      | Found a stormy altar of Qazlal.
  5352 | D:6      | Found a broken altar of Ashenzari.
  5453 | D:6      | Reached skill level 6 in Unarmed Combat
  5740 | D:6      | Found an iron altar of Okawaru.
  6024 | D:6      | Reached XP level 9. HP: 57/72 MP: 9/13
  6231 | D:6      | Learned a level 3 spell: Ozocubu's Armour
  6321 | D:7      | Reached ** piety under Makhleb
  6497 | D:7      | Noticed Harold
  6501 | D:7      | Noticed a two-headed ogre
  7022 | D:7      | Noticed Pikel
  7040 | D:7      | Killed Pikel
  7041 | D:7      | Reached skill level 7 in Unarmed Combat
  7217 | D:7      | Killed a two-headed ogre
  7218 | D:7      | Reached skill level 5 in Fighting
  7611 | D:8      | Identified the ring of Feiptel {rElec Slay+4 SInv}
  7659 | D:8      | Found a flagged portal.
  7660 | D:8      | Noticed a two-headed ogre
  7671 | D:8      | Killed a two-headed ogre
  7672 | D:8      | Reached skill level 8 in Unarmed Combat
  7672 | D:8      | Reached XP level 10. HP: 80/81 MP: 14/16
  7682 | Bailey   | Entered a bailey
  7736 | Bailey   | Noticed an orc warlord
  7808 | Bailey   | Reached skill level 5 in Poison Magic
  7836 | Bailey   | Found a runed translucent gate.
  7838 | Bailey   | Found a runed translucent gate.
  7910 | Bailey   | Reached *** piety under Makhleb
  7962 | Bailey   | Found a runed translucent gate.
  8025 | Bailey   | Killed an orc warlord
  8026 | Bailey   | Reached skill level 5 in Dodging
  8026 | Bailey   | Reached skill level 1 in Invocations
  8579 | D:8      | Reached skill level 5 in Ice Magic
  8585 | D:8      | Noticed a two-headed ogre
  8597 | D:8      | Killed a two-headed ogre
  9047 | D:7      | Killed Harold
 10173 | D:2      | Killed Sigmund
 10746 | D:9      | Noticed Erolcha
 10904 | D:9      | Reached XP level 11. HP: 83/87 MP: 9/18
 11112 | D:9      | Noticed a two-headed ogre
 11118 | D:9      | Killed a two-headed ogre
 11119 | D:9      | Reached skill level 9 in Unarmed Combat
 11258 | D:9      | Noticed Joseph
 11272 | D:9      | Killed Joseph
 11594 | D:10     | Entered Level 10 of the Dungeon
 11601 | D:9      | Reached **** piety under Makhleb
 11726 | D:10     | Found Onulerchu's Armour Emporium.
 11734 | D:10     | Bought a +0 cloak for 54 gold pieces
 11808 | D:10     | Killed from afar by a gargoyle

Illustrated notes

Levels and vault maps discovered:
D:1:      kb_arrival_jail, layout_loops_ring, ebering_ecumenical_altar_box
D:2:      layout_loops_corners, small_statue_intersection,
          minmay_misc_feat_four_crosses, dk_vineyard_2, uniq_sigmund, uniq_robin
D:3:      layout_loops_corners, minmay_misc_feat_rows, item_on_display_a
D:4:      layout_basic, minmay_temple_entry_waves, hangedman_decor_riveting
D:5:      layout_basic, serial_shops, nicolae_shop_behind_doors,
          kennysheep_generic_room_14
D:6:      minmay_general_purpose_star, layout_basic, okawaru_gym_becter,
          nicolae_overflows_in_rows, item_on_display_a
D:7:      layout_gridville, minmay_misc_feat_square, chequers_garden,
          uniq_harold, uniq_pikel
D:8:      layout_loops_corners, enter_bailey_2, grunt_decor_junction,
          wad_floor_pattern_2, minmay_checkerbox
D:9:      layout_grid_maze, uniq_joseph, uniq_erolcha
D:10:     layout_grid_maze, orc_0_dummy, serial_shops, shop,
          minmay_joined_circles
Temple:   nicolae_temple_figure_zero

Skill      XL: |  1  2  3  4  5  6  7  8  9 10 11 |
---------------+----------------------------------+-----
Dodging        | 2 3 4 5 |  5.6
Transmutations | 3 4 5 6 7 8 |  8.1
Fighting       | 2 3 4 5 6 |  6.5
Unarmed Combat | 4 5 6 8 9 |  9.1
Poison Magic   | 1 2 3 4 5 |  5.7
Ice Magic      | 1 2 4 5 6 |  6.1
Spellcasting   | 3 4 |  4.8
Invocations    | 2 3 |  3.0

Action                   |  1- 3 |  4- 6 |  7- 9 | 10-12 || total
-------------------------+-------+-------+-------+-------++-------
Melee: Unarmed           |    90 |   127 |   285 |   192 ||   694
       Kick              |    16 |    23 |    21 |     9 ||    69
       Headbutt          |    12 |    14 |    18 |     4 ||    48
       Tailslap          |     3 |     6 |    11 |     3 ||    23
       Punch             |     2 |     1 |     4 |     1 ||     8
Throw: Stone             |       |     2 |       |       ||     2
       Boomerang         |       |       |     5 |     6 ||    11
       Dart              |       |       |     2 |     5 ||     7
 Cast: Beastly Appendage |    20 |    18 |    17 |    11 ||    66
       Spider Form       |       |     5 |    32 |     9 ||    46
       Ice Form          |       |       |       |    13 ||    13
       Ozocubu's Armour  |       |       |       |    12 ||    12
Evoke: Wand              |       |       |       |     1 ||     1
  Use: Scroll            |       |       |     8 |     2 ||    10
       Potion            |       |       |       |     2 ||     2
 Stab: Sleeping          |     2 |       |     1 |       ||     3
Armor: Skin              |    21 |    27 |    63 |    52 ||   163
Dodge: Dodged            |    37 |    78 |   205 |   145 ||   465

Table legend: (Time is in decaauts)
 A = Elapsed time spent in this place.
 B = Non-inter-level travel time spent in this place.
 C = Inter-level travel time spent in this place.
 D = Time resting spent in this place.
 E = Time spent auto-exploring this place.
 F = Levels seen in this place.
 G = Mean time per level.
                   A        B        C        D        E       F      G
               +--------+--------+--------+--------+--------+-----+--------+
         Total |  11742 |  11216 |    526 |    795 |   6153 |  12 |  978.5 |
       Dungeon |  10904 |  10378 |    526 |    788 |   5746 |  10 | 1090.4 |
        Temple |    239 |    239 |      0 |      0 |    210 |   1 |  239.0 |
        Bailey |    598 |    598 |      0 |      7 |    197 |   1 |  598.0 |
               +--------+--------+--------+--------+--------+-----+--------+

Top non-repeatable levels by time:
     D:2: 1619 daAuts
     D:7: 1277 daAuts
     D:4: 1234 daAuts
     D:6: 1229 daAuts
     D:3: 1165 daAuts
     D:9: 1149 daAuts
     D:5: 1088 daAuts
     D:1: 1070 daAuts
     D:8: 903 daAuts
  Bailey: 598 daAuts
  Temple: 239 daAuts
    D:10: 167 daAuts
